 Dungeon Crawl Stone Soup version 0.22-a0-533-g4d20840 (webtiles) character file.

1087 Goblin1989 the Changer (level 8, -7/60 HPs)
             Began as a Demonspawn Transmuter on June 22, 2018.
             Killed by divine providence
             ... invoked by an orc priest
              (15 damage)
             ... on level 6 of the Dungeon.
             The game lasted 00:33:49 (9205 turns).

Goblin1989 the Changer (Demonspawn Transmuter)      Turns: 9205, Time: 00:33:50

Health: -7/60      AC:  2    Str: 10    XL:     8   Next: 9%
Magic:  7/11       EV: 22    Int: 17    God:
Gold:   303        SH:  0    Dex: 17    Spells: 6/11 levels left

rFire    . . .     SeeInvis .     - Unarmed
rCold    . . .     Gourm    .   (shield currently unavailable)
rNeg     . . .     Faith    .   (armour currently unavailable)
rPois    x         Spirit   .   (helmet currently unavailable)
rElec    .         Reflect  .   (cloak currently unavailable)
rCorr    .         Harm     .   (gloves currently unavailable)
MR       .....                  (boots currently unavailable)
Stlth    ++........             (no amulet)
HPRegen  0.20/turn              (no ring)
MPRegen  0.12/turn              (no ring)

@: spider-form (expiring), very slightly contaminated
A: tiny, clumsy 1, wild magic 2
a: End Transformation


You were on level 6 of the Dungeon.
You were hungry.
You were a venomous arachnid creature.
You visited 1 branch of the dungeon, and saw 6 of its levels.

You collected 303 gold pieces.

Inventory:

Missiles
 a - 28 arrows
 Z - 2 throwing nets (quivered) {!d , @Q1}
Armour
 b - a +1 robe (melded)
 k - a +0 pair of boots (melded)
 X - a +0 helmet (melded)
Wands
 O - a wand of polymorph (14)
 S - a wand of digging (12) {@v1}
 V - a wand of acid (3) {@v2}
Scrolls
 g - 3 scrolls of fog
 B - 2 scrolls of blinking
 K - a scroll of remove curse {@r3}
 L - 2 scrolls of amnesia
 R - 3 scrolls of identify {@r1}
 T - a scroll of teleportation
Potions
 M - a potion of magic {unknown}
 N - a potion of cancellation {unknown}
 Q - a potion of brilliance
 U - 2 potions of flight
 W - a potion of curing {@q1}
 Y - a potion of lignification
Comestibles
 e - 7 rations


   Skills:
 + Level 3.6 Fighting
   Level 0.3 Maces & Flails
 + Level 3.8 Dodging
 * Level 5.4 Unarmed Combat
 - Level 2.0 Spellcasting
 - Level 5.5 Transmutations


You had 6 spell levels left.
You knew the following spells:

 Your Spells              Type           Power        Failure   Level  Hunger
b - Sticks to Snakes      Tmut           ####....     22%         2    ###....
c - Spider Form           Tmut/Pois      ###.......   56%         3    ###....

Your spell library contained the following spells:

 Spells                   Type           Power        Failure   Level  Hunger
 Magic Dart               Conj           #...         56%         1    #......
 Conjure Flame            Conj/Fire      #.......     85%         3    ###....
 Slow                     Hex            #.......     67%         2    ###....
 Mephitic Cloud           Conj/Pois/Air  #.......     85%         3    ###....
 Blink                    Tloc           N/A          67%         2    ###....
 Call Imp                 Summ           #.......     67%         2    ###....
 Blade Hands              Tmut           ####......   85%         5    ######.
 Ice Form                 Ice/Tmut       ###.....     86%         4    #####..
 Beastly Appendage        Tmut           ####..       17%         1    #......


Dungeon Overview and Level Annotations

Branches:
Dungeon (6/15)
 Temple: D:4-7

Altars:
Ashenzari
Gozag
Qazlal
Vehumet
Zin

Shops:
D:2 *

Annotations:
D:5 1 runed door, GameOver's ghost, novice NaWz


Innate Abilities, Weirdness & Mutations

((You have very sharp fingernails.))
((You are partially covered in large bone plates. (SH +4)))
You are clumsy. (Dex -2)
((You are resistant to electric shocks. (rElec)))
Your spells are harder to cast, but more powerful.


Message History

Unknown command.
A leopard gecko skeleton comes into view.
The leopard gecko skeleton misses you.
The leopard gecko skeleton closely misses you.
The orc warrior barely misses you.
An orc wizard comes into view. It is wielding a dagger.
The orc wizard shouts!
Casting: Spider Form (safe; 34% risk of failure)
Confirm with . or Enter, or press ? or * to list all spells.
You turn into a venomous arachnid creature.
Your +0 helmet melds into your body.
Your +0 pair of boots melds into your body.
Your +1 robe melds into your body.
The leopard gecko skeleton bites you but does no damage.
The orc wizard gestures wildly while chanting.
The orc wizard flickers and vanishes!
Deactivating autopickup; reactivate with Ctrl-A.
The orc warrior completely misses you.
You now have 4/11 mp.
Unknown command.
You bite the leopard gecko skeleton!
You destroy the leopard gecko skeleton!
The orc warrior completely misses you.
You hit the orc warrior but do no damage.
The orc warrior hits you with a trident.
You take 4 damage, and have 45/60 hp.
You hit the orc warrior but do no damage.
The orc warrior is poisoned.
The orc warrior closely misses you.
You hit the orc warrior but do no damage.
The orc warrior hits you but does no damage.
You hit the orc warrior but do no damage.
The orc warrior hits you with a trident!
You take 14 damage, and have 31/60 hp.
MASSIVE DAMAGE!!
You hit the orc warrior.
The orc warrior is lightly wounded.
You hit the orc warrior but do no damage.
The orc warrior looks as sick as possible!
The orc warrior is lightly wounded.
The orc warrior hits you with a trident.
You take 1 damage, and have 30/60 hp.
You hit the orc warrior.
The orc warrior looks as sick as possible!
The orc warrior is moderately wounded.
The orc warrior barely misses you.
You barely miss the orc warrior.
The orc warrior is moderately wounded.
The orc warrior hits you with a trident!
* * * LOW HITPOINT WARNING * * *
An orc comes into view. It is wielding a flail.
You take 17 damage, and have 14/60 hp.
MASSIVE DAMAGE!!
You barely miss the orc warrior.
The orc warrior is moderately wounded.
The orc warrior hits you with a trident!
* * * LOW HITPOINT WARNING * * *
You take 9 damage, and have 5/60 hp.
The orc shouts!
You hit the orc warrior but do no damage.
The orc warrior looks as sick as possible!
The orc warrior is moderately wounded.
You hear a shout! x3
You hit the orc warrior but do no damage.
The orc warrior is moderately wounded.
The orc warrior barely misses you.
You hit the orc warrior but do no damage.
The orc warrior is moderately wounded.
The orc warrior completely misses you.
Unknown command.
You hit the orc warrior.
The orc warrior is heavily wounded.
The orc warrior barely misses you.
Unknown command.
You barely miss the orc warrior.
The orc warrior is heavily wounded.
The orc warrior hits you but does no damage.
The orc warrior misses you.
An orc wizard comes into view. It is wielding a dagger of protection.
Your transformation is almost over.
You open the door. 2 orcs come into view.
The orc shouts!
You hear a shout! x2
An orc priest comes into view. It is wielding a whip.
The orc throws a tomahawk of returning.
The tomahawk of returning completely misses you.
The weapon returns to the orc!
The orc warrior drinks a potion.
The orc warrior is healed!
Unknown command.
There is an open door here.
An orc comes into view.
The orc shouts!
An orc comes into view. It is wielding a dagger of venom.
Found a stone staircase leading down.
The orc throws a tomahawk of returning.
The tomahawk of returning completely misses you.
The weapon returns to the orc!
Found an escape hatch in the floor.
There is a fountain of clear blue water here.
The orc throws a tomahawk of returning.
The tomahawk of returning misses you.
The orc priest invokes the aid of Beogh against you.
Beogh smites you!
You die...

.......███████
██.██████....█)███
█............█
██.████..........
█.....█.██████
█...............
......█.██████
█....█..........
......o{o..{o█
████.█.........█
.......█████.█
█.█.......... .......█
█.██▲██ ███.........█
.......█
█o█(..██...██........█
.......
█.o.os...Ψ.>███████...
....... ███...██...██


████ ....... ██o██ ██ █o█ .o. █.Ψ.█ █...█ ██>██ You could see an orc warrior, an
orc priest and 4 orcs.

Vanquished Creatures
  A sky beast (D:6)
  2 ogres
  A centaur (D:5)
  A scorpion (D:4)
  2 crimson imps
  2 hounds
  2 jellies (D:5)
  3 orc priests
  3 orc wizards
  A bullfrog skeleton (D:6)
  Jessica (D:2)
  An iguana (D:5)
  3 worker ants (D:4)
  Robin (D:4)
  A howler monkey zombie (D:6)
  5 adders
  An ooze (D:2)
  An adder skeleton (D:4)
  4 worms
  3 dart slugs
  6 leopard geckos
  12 orcs
  6 bats
  4 giant cockroaches
  8 goblins
  9 hobgoblins
  9 jackals
  A quokka (D:4)
  2 ball pythons
  5 frilled lizards
  5 kobolds
  A leopard gecko skeleton (D:6)
  5 rats
112 creatures vanquished.

Vanquished Creatures (collateral kills)
  A worm (D:2)
1 creature vanquished.

Vanquished Creatures (others)
  An orc wizard (D:4)
1 creature vanquished.

Grand Total: 114 creatures vanquished

Notes
Turn   | Place    | Note
-------+----------+-------------------------------------------
     0 | D:1      | Goblin1989 the Demonspawn Transmuter began the quest for the Orb.
     0 | D:1      | Reached XP level 1. HP: 15/15 MP: 3/3
   498 | D:1      | Gained mutation: You are partially covered in large bone plates. (SH +4) [demonic ancestry]
   498 | D:1      | Reached XP level 2. HP: 10/21 MP: 3/5
  1516 | D:2      | Learned a level 2 spell: Sticks to Snakes
  1775 | D:2      | Reached XP level 3. HP: 12/26 MP: 3/6
  1800 | D:2      | Gained mutation: You are clumsy. (Dex -2) [potion of mutation]
  1800 | D:2      | Gained mutation: Your spells are a little harder to cast, but a little more powerful. [potion of mutation]
  1800 | D:2      | Gained mutation: You are resistant to electric shocks. (rElec) [potion of mutation]
  1800 | D:2      | Gained mutation: Your spells are harder to cast, but more powerful. [potion of mutation]
  2369 | D:2      | Learned a level 3 spell: Spider Form
  2547 | D:2      | Found Zin's Purification Station.
  2547 | D:2      | Found a glowing silver altar of Zin.
  2548 | D:2      | Goblin1989: !lg . -1
  2548 | D:2      | XtahuaRules: 2490. Goblin1989 the Insei (L1 DsTm), slain by a bat on D:1 on 2018-06-22 07:34:13, with 7 points after 519 turns and 0:02:17.
  2548 | D:2      | Goblin1989: !lg .
  2548 | D:2      | XtahuaRules: 2490. Goblin1989 the Insei (L1 DsTm), slain by a bat on D:1 on 2018-06-22 07:34:13, with 7 points after 519 turns and 0:02:17.
  2548 | D:2      | Goblin1989: !lg . 1
  2548 | D:2      | XtahuaRules: 1/2490. Goblin1989 the Magician (L1 GrWz), slain by a rat on D:1 on 2014-09-23 11:29:47, with 3 points after 253 turns and 0:01:19.
  2548 | D:2      | Goblin1989: !lg . mibe
  2548 | D:2      | XtahuaRules: 8. Goblin1989 the Grand Master (L27 MiBe of Vehumet), blasted by a black draconian scorcher (damnation) on Zig:26 on 2018-06-22 03:08:08, with 1341176 points after 144066 turns and 14:24:56.
  2563 | D:2      | Reached XP level 4. HP: 16/32 MP: 1/7
  3140 | D:2      | Noticed Jessica
  3146 | D:2      | Killed Jessica
  3950 | D:3      | Found a radiant altar of Vehumet.
  5004 | D:4      | Noticed an ogre
  5018 | D:4      | Killed an ogre
  5018 | D:4      | Reached skill level 5 in Transmutations
  5018 | D:4      | Gained mutation: You have sharp fingernails. [demonic ancestry]
  5018 | D:4      | Reached XP level 5. HP: 37/37 MP: 1/8
  5698 | D:4      | Noticed Robin
  5715 | D:4      | Killed Robin
  6029 | D:4      | Reached XP level 6. HP: 39/43 MP: 5/9
  6842 | D:5      | Entered Level 5 of the Dungeon
  7123 | D:5      | Found a runed door.
  7123 | D:5      | Noticed GameOver's ghost (novice NaWz)
  7203 | D:5      | Gained mutation: You have very sharp fingernails. [demonic ancestry]
  7203 | D:5      | Reached XP level 7. HP: 41/51 MP: 7/10
  8041 | D:5      | Found a shattered altar of Ashenzari.
  8041 | D:5      | Found a stormy altar of Qazlal.
  8689 | D:6      | Found an opulent altar of Gozag.
  8712 | D:6      | HP: 2/52 [orc wizard/dagger (2)]
  8747 | D:6      | Reached skill level 5 in Unarmed Combat
  8784 | D:6      | Reached XP level 8. HP: 16/59 MP: 7/11
  9205 | D:6      | Killed from afar by an orc priest

Vault maps used:
D:1:      shiori_angband_town, st_stairs_8, minmay_misc_feat_secret_circle,
          chequers_big_river
D:2:      zin_purify, uniq_jessica
D:3:      fiery_altar_vehumet, serial_curves, eino_curves_01, eino_curves_03
D:4:      first_ration, uniq_robin
D:5:      gammafunk_temple_overflow_wave, gammafunk_ghost_grave
D:6:      nicolae_gozag_cash_rules_everything_around_me, enter_ossuary_1,
          grunt_ministairs_5

Skill      XL: |  1  2  3  4  5  6  7 |
---------------+----------------------+-----
Transmutations | 2 3 4 5 |  5.5
Dodging        | 2 3 |  3.8
Unarmed Combat | 3 5 |  5.4
Fighting       | 2 3 |  3.6
Maces & Flails | |  0.3
Spellcasting   | |  2.0

Action                   |  1- 3 |  4- 6 |  7- 9 || total
-------------------------+-------+-------+-------++-------
Melee: Unarmed           |    72 |   193 |   121 ||   386
       Punch             |     2 |     2 |       ||     4
       Whip              |    88 |    69 |       ||   157
 Cast: Beastly Appendage |     2 |       |       ||     2
       Sticks to Snakes  |     8 |     1 |       ||     9
       Spider Form       |     4 |    19 |    10 ||    33
Evoke: Wand              |       |       |     1 ||     1
  Use: Scroll            |     4 |    10 |     1 ||    15
       Potion            |     2 |     1 |       ||     3
 Stab: Distracted        |     1 |       |       ||     1
       Sleeping          |     1 |       |       ||     1
  Eat: Chunk             |     6 |    15 |     1 ||    22
       Ration            |       |     1 |     2 ||     3
Armor: Robe              |    22 |    36 |     7 ||    65
       Skin              |       |    29 |     6 ||    35
Dodge: Dodged            |   124 |   169 |    68 ||   361
Block: Other             |    31 |    28 |     5 ||    64

Table legend:
 A = Spawn XP
 B = Non-spawn XP
 C = Spawn XP percentage of total XP
 D = Spawn monster count
 E = Non-spawn monster count
 F = Spawn count percentage of total count
 G = Total turns spent on level
                    A         B        C        D         E        F      G
               +---------+---------+-------+---------+---------+-------+---------
         Total |       0 |    1553 |   0.0 |       0 |     113 |   0.0 |  9205
               +---------+---------+-------+---------+---------+-------+---------
           D:1 |       0 |      25 |   0.0 |       0 |      15 |   0.0 |  1512
           D:2 |       0 |     123 |   0.0 |       0 |      25 |   0.0 |  2178
           D:3 |       0 |      43 |   0.0 |       0 |       9 |   0.0 |  1541
           D:4 |       0 |     393 |   0.0 |       0 |      29 |   0.0 |  1631
           D:5 |       0 |     428 |   0.0 |       0 |      19 |   0.0 |  1693
           D:6 |       0 |     541 |   0.0 |       0 |      16 |   0.0 |   650
               +---------+---------+-------+---------+---------+-------+---------

Vault maps used:
D:1:      shiori_angband_town, st_stairs_8, minmay_misc_feat_secret_circle,
          chequers_big_river
D:2:      zin_purify, uniq_jessica
D:3:      fiery_altar_vehumet, serial_curves, eino_curves_01, eino_curves_03
D:4:      first_ration, uniq_robin
D:5:      gammafunk_temple_overflow_wave, gammafunk_ghost_grave
D:6:      nicolae_gozag_cash_rules_everything_around_me, enter_ossuary_1,
          grunt_ministairs_5
